 Dungeon Crawl Stone Soup version 0.20.0-15-g7f486f2 (webtiles) character file.

97 Omegatherion the Cudgeler (level 4, 0/29 HPs)
             Began as a Gargoyle Monk on June 28, 2017.
             Slain by Ijyb (1 damage)
             ... on level 3 of the Dungeon.
             The game lasted 00:02:54 (1792 turns).

Omegatherion the Cudgeler (Gargoyle Monk)           Turns: 1792, Time: 00:02:55

Health: 0/29       AC:  6    Str: 16    XL:     4   Next: 68%
Magic:  4/4        EV: 12    Int: 10    God:
Gold:   51         SH:  0    Dex: 12    Spells: 3/3 levels left

rFire    . . .     SeeInvis .   a - +0 mace
rCold    . . .     Gourm    .   (no shield)
rNeg     + . .     Faith    .   e - +0 leather armour
rPois    ∞         Spirit   .   (no helmet)
rElec    +         Reflect  .   (no cloak)
rCorr    .         Harm     .   (no gloves)
MR       .....                  (no boots)
Stlth    +.........             (no amulet)
Regen    0.1/turn               (no ring)
MPRegen  0.1/turn               (no ring)

@: confused
A: negative energy resistance 1, electricity resistance, unbreathing,
petrification resistance, rot immunity, AC +3
a: no special abilities


You were on level 3 of the Dungeon.
You were very hungry.

You visited 1 branch of the dungeon, and saw 3 of its levels.

You collected 51 gold pieces.

Inventory:

Hand Weapons
 a - a +0 mace (weapon)
Armour
 b - a +0 robe
 e - a +0 leather armour (worn)
Scrolls
 d - a scroll of immolation {unknown}
 i - a scroll of recharging {unknown}
 k - a scroll of noise {unknown}
 l - a scroll of identify {unknown}
Books
 g - a book of Maledictions

   Spells                             Type                      Level
   a - Corona                         Hexes                        1
   b - Ensorcelled Hibernation        Hexes/Ice                    2
   c - Confuse                        Hexes                        3
   d - Tukima's Dance                 Hexes                        3
   e - Dazzling Spray                 Conjuration/Hexes            3
Comestibles
 c - 2 bread rations
 f - a royal jelly
 h - a fruit


   Skills:
 + Level 3.9 Fighting
 + Level 4.1 Maces & Flails
 + Level 2.5 Armour
 - Level 2.4 Dodging
 - Level 2.1 Stealth


You had 3 spell levels left.
You didn't know any spells.

Dungeon Overview and Level Annotations

Branches:
Dungeon (3/15)

Altars:
Trog

Annotations:
D:3 Ijyb


Innate Abilities, Weirdness & Mutations

You are resistant to torment.
Your stone body is resilient. (AC +3)
You are immune to poison.
You resist negative energy. (rN+)
You are resistant to electric shocks. (rElec)
You can survive without breathing.
You are immune to petrification.
You are immune to rotting.


Message History

The orc hits you but does no damage.
Ijyb zaps a wand.
You resist with some effort.
You completely miss the adder. The adder bites you.
* * * LOW HITPOINT WARNING * * *
The orc hits you but does no damage.
Ijyb screams, "No!
No, no, no, no!"
Ijyb misses you. The adder bites you.
* * * LOW HITPOINT WARNING * * *
You hit the orc but do no damage. The orc closely misses you.
The adder barely misses you. Ijyb barely misses you.
The orc hits you with a whip.
* * * LOW HITPOINT WARNING * * *
You barely miss Ijyb. The adder closely misses you.
Ijyb screams, "No!
No, no, no, no!"
Ijyb hits you but does no damage. The adder closely misses you.
The orc hits you but does no damage.
Ijyb zaps a wand.
You are more confused.
You hit the orc but do no damage. The adder barely misses you.
The orc barely misses you. Ijyb hits you.
You die...

.. . ##.
... #.#
#.######.#
#o#.......
#.@..#
#Sg#.#
...K..#
######.#
.# #


You could see Ijyb, an adder, an orc and a kobold.

Vanquished Creatures
  Jessica (D:2)
  2 adders (D:2)
  A worm (D:2)
  2 dart slugs
  A leopard gecko (D:2)
  5 goblins
  3 hobgoblins
  5 jackals (D:2)
  5 kobolds
  A quokka (D:2)
  8 bats
  2 frilled lizards (D:1)
  9 rats
45 creatures vanquished.

Notes
Turn   | Place    | Note
-------+----------+-------------------------------------------
     0 | D:1      | Omegatherion the Gargoyle Monk began the quest for the Orb.
     0 | D:1      | Reached XP level 1. HP: 14/14 MP: 1/1
   115 | D:1      | Reached XP level 2. HP: 10/19 MP: 2/2
   457 | D:1      | Reached skill level 1 in Armour
   740 | D:1      | Reached XP level 3. HP: 23/23 MP: 3/3
  1012 | D:1      | Found a bloodstained altar of Trog.
  1632 | D:2      | Reached XP level 4. HP: 22/29 MP: 4/4
  1642 | D:2      | Noticed Jessica
  1653 | D:2      | Killed Jessica
  1653 | D:2      | Reached skill level 4 in Maces & Flails
  1762 | D:3      | Noticed Ijyb
  1776 | D:3      | HP: 1/29 [adder (1)]
  1790 | D:3      | HP: 1/29 [orc/whip (2)]
  1792 | D:3      | Slain by Ijyb

Skill      XL: |  1  2  3  4 |
---------------+-------------+-----
Armour         | 1 2 |  2.5
Maces & Flails | 4 |  4.1
Fighting       | |  3.9
Dodging        | |  2.4
Stealth        | |  2.1

Action                   |  1- 3 |  4- 6 || total
-------------------------+-------+-------++-------
Melee: Mace              |   128 |    37 ||   165
  Use: Potion            |       |     1 ||     1
 Stab: Sleeping          |     5 |     1 ||     6
  Eat: Chunk             |     2 |       ||     2
Armor: Robe              |    17 |       ||    17
       Leather armour    |    50 |    35 ||    85
Dodge: Dodged            |    94 |    64 ||   158
